 Dungeon Crawl Stone Soup version 0.30-a0-618-gd6c86c23d0 (webtiles) character file.

Game seed: 12595303639654272816

15129 acebull12 the Arsonist (level 12, -12/95 HPs)
             Began as a Human Cinder Acolyte on Jan 9, 2023.
             Was an Elder of Ignis.
             Mangled by an ice devil (15 damage)
             ... on level 11 of the Dungeon.
             The game lasted 00:52:24 (15881 turns).

acebull12 the Arsonist (Human Cinder Acolyte)      Turns: 15881, Time: 00:52:24

Health: -12/95     AC: 18    Str: 16    XL:     12   Next: 53%
Magic:  18/21      EV: 11    Int: 18    God:    Ignis [****..]
Gold:   470        SH:  9    Dex: 15    Spells: 19/23 levels left

rFire   + . .      SeeInvis .    T - +1 scimitar (flame)
rCold   . . .      Faith    .    L - +0 kite shield
rNeg    . . .      Spirit   .    V - +0 acid dragon scales
rPois   .          Reflect  .    G - +0 helmet
rElec   .          Harm     .    x - +0 cloak
rCorr   +          Rampage  .    c - +0 pair of gloves
Will    .....                    S - +2 pair of boots
Stlth   ++                       D - amulet of regeneration
HPRegen 1.15/turn                j - +6 ring of dexterity
MPRegen 0.17/turn                p - +4 ring of protection

@: no status effects
A: no striking features
a: Renounce Religion, Fiery Armour, Foxfire Swarm


You were on level 11 of the Dungeon.
You worshipped Ignis.
Ignis was greatly pleased with you.
You visited 2 branches of the dungeon, and saw 12 of its levels.
You also visited: Ossuary.

You collected 470 gold pieces.

Inventory:

Hand Weapons
 a - a -1 falchion of flaming
 t - the +9 dagger "Qicoam Ogacu" {freeze, rPois rF+ Will++ MP+9}
   (You took it off a hobgoblin on level 3 of the Dungeon)

   rF:        It protects you from fire.
   rPois:     It protects you from poison.
   MP:        It affects your magic capacity (+9).
   Will:      It greatly increases your willpower.
 T - a +1 scimitar of flaming (weapon)
Missiles
 h - 92 stones (quivered)
 B - 2 throwing nets
Armour
 c - a +0 pair of gloves (worn)
 o - a +0 scale mail
 x - a +0 cloak (worn)
 G - a +0 helmet (worn)
 L - a +0 kite shield (worn)
 S - a +2 pair of boots (worn)
 U - +0 steam dragon scales
 V - +0 acid dragon scales (worn)
Jewellery
 j - a +6 ring of dexterity (left hand)
 l - a ring of positive energy
 p - a +4 ring of protection (right hand)
 y - a ring of poison resistance
 D - an amulet of regeneration (around neck)
 E - a ring of resist corrosion
 M - an amulet of guardian spirit
 Q - a +6 ring of dexterity
Wands
 b - a wand of paralysis (4)
 A - a wand of roots (6)
 H - a wand of mindburst (24)
 N - a wand of light (7)
Scrolls
 d - 3 scrolls of noise
 m - 3 scrolls of amnesia
 q - 7 scrolls of immolation
 s - 2 scrolls of fog
 w - 2 scrolls of silence
 z - 3 scrolls of teleportation
 F - a scroll of butterflies {unknown}
 I - 3 scrolls of blinking {unknown}
 J - a scroll of fear {unknown}
 K - a scroll of enchant weapon {unknown}
 R - a scroll of poison
Potions
 e - 4 potions of brilliance
 f - a potion of haste {unknown}
 g - 4 potions of mutation
 i - 2 potions of flight {unknown}
 k - 4 potions of might
 n - 8 potions of curing
 r - a potion of invisibility
 u - a potion of lignification {unknown}
 v - 4 potions of ambrosia
 C - a potion of cancellation {unknown}
 O - 2 potions of attraction
 P - a potion of heal wounds {unknown}


   Skills:
 * Level 9.1 Fighting
 + Level 7.3(7.7) Short Blades
 + Level 3.5(5.9) Long Blades
 + Level 0.2 Throwing
 - Level 6.0 Armour
 + Level 4.4 Dodging
 + Level 3.0 Stealth
 + Level 4.9 Shields
 - Level 6.0 Spellcasting
 * Level 5.3 Translocations
 - Level 10.0 Fire Magic


You had 19 spell levels left.
You knew the following spells:

 Your Spells              Type           Power      Damage    Failure   Level
a - Scorch                Fire           82%        2d9       1%          2
b - Blink                 Tloc           48%        N/A       8%          2

Your spell library contained the following spells:

 Spells                   Type           Power      Damage    Failure   Level
 Vhi's Electric Charge    Tloc/Air       28%        N/A       43%         3
 Manifold Assault         Tloc           24%        N/A       45%         4
 Passage of Golubria      Tloc           24%        N/A       45%         4
 Arcjolt                  Conj/Air       2%         1d12      100%        5
 Blade Hands              Tmut           2%         N/A       100%        5
 Irradiate                Conj/Tmut      2%         3d12      100%        5
 Silence                  Hex/Air        2%         N/A       100%        5
 Dragon Form              Tmut           2%         N/A       100%        7
 Storm Form               Tmut/Air       2%         N/A       100%        7
 Lehudib's Crystal Spear  Conj/Erth      2%         10d2      100%        8
 Maxwell's Capacitive Co  Air            2%         ∞         100%        8


Dungeon Overview and Level Annotations

Branches:
Dungeon (11/15)            Temple (1/1) D:4            Lair (0/5) D:11
    Orc (0/2) D:11        Ossuary (visited)

Altars:
Ashenzari
Cheibriados
Dithmenos
Elyvilon
Fedhas
Gozag
Hepliaklqana
Kikubaaqudgha
Makhleb
Nemelex Xobeh
Okawaru
Qazlal
Ru
Sif Muna
Trog
Uskayaw
Vehumet
Wu Jian
Xom
Yredelemnul
Zin
The Shining One

Shops:
D:2 =:   D:6 ![*

Portals:
Ice
Cave: D:11


Message History

The ice devil hits you but does no damage.
The ice devil barely misses you. x2
You hit the ice devil but do no damage.
The ice devil is almost dead.
The ice devil closely misses you. x2
You slash the ice devil! You burn the ice devil.
You kill the ice devil!
The ice devil hits you but does no damage.
The ice devil completely misses you.
You slash the ice devil! You burn the ice devil.
The ice devil is moderately wounded.
The ice devil hits you but does no damage.
You barely miss the ice devil.
The ice devil is moderately wounded.
You block the ice devil's attack. The ice devil hits you!
The ice devil freezes you!!
You hit the ice devil. You burn the ice devil.
The ice devil is heavily wounded.
The ice devil completely misses you.
You barely miss the ice devil.
The ice devil is heavily wounded.
The ice devil hits you! The ice devil freezes you!!
You barely miss the ice devil.
The ice devil is heavily wounded.
The ice devil hits you! The ice devil freezes you!
* * * LOW HITPOINT WARNING * * *
You block the ice devil's attack.
You hit the ice devil. You burn the ice devil.
The ice devil is severely wounded.
The ice devil hits you.
* * * LOW HITPOINT WARNING * * *
The ice devil freezes you!
* * * LOW HITPOINT WARNING * * *
Casting: Scorch (safe; 1% risk of failure)
Confirm with . or Enter, or press ? or * to list all spells.
Flames lash the ice devil but do no damage.
The ice devil hits you.
* * * LOW HITPOINT WARNING * * *
The ice devil freezes you!
You die...

#......)....<.#
#.....?.......#
#......†....... *#****
#..............
*...,*##########...##....##..
*...$##.'.....##...##....####
*∩......#......#...########..
*,,,,*#.'...4..#.............
*,,,,*###...@.[#.............
****** #......[.............
**#......#.............
#........#.............
##.....###...###...##..
#######*###+#*#...##..
*,,,,,,,....#...
*,,,,,,,,,..#,,,
*,,,,,,,,,,,*,,,


You could see an ice devil.

Vanquished Creatures
  Erica (D:9)
  A two-headed ogre (D:10)
  A tengu warrior (D:10)
  A gargoyle (D:10)
  2 kobold demonologists (D:10)
  An ice devil (D:11)
  Grinder (D:4)
  A hornet (D:9)
  A shadow (D:9)
  A wyvern (D:9)
  26 yaks
  Eustachio (D:8)
  2 steam dragons
  2 wargs (D:10)
  Menkaure (D:7)
  Edmund (D:6)
  8 orc warriors
  An acid dragon (D:11)
  An ice beast (D:6)
  A sky beast (D:7)
  3 black bears
  5 centaurs
  4 ogres
  A phantom (D:7)
  6 kobold brigands
  A necrophage (D:4)
  4 bullfrogs
  3 scorpions
  3 gnoll sergeants
  A water moccasin zombie (Ossuary)
  23 wights
  23 killer bees
  4 howler monkeys
  2 jellies
  10 orc priests
  6 hounds
  3 gnoll boudas
  5 iguanas
  14 orc wizards
  2 mummies (Ossuary)
  10 adders
  18 gnolls
  A shadow imp (D:5)
  2 ufetubi (D:5)
  3 adder zombies (Ossuary)
  A worm (D:2)
  5 dart slugs
  36 orcs
  5 endoplasms
  2 giant cockroaches
  3 gnoll zombies (Ossuary)
  10 goblins
  8 hobgoblins
  8 jackals
  20 kobolds
  3 quokkas
  9 ball pythons
  6 bats
  4 frilled lizards
  3 hobgoblin zombies (Ossuary)
  3 kobold zombies (Ossuary)
  6 orc zombies (Ossuary)
  5 rats
  A spectral goblin (D:1)
350 creatures vanquished.

Vanquished Creatures (others)
  A kobold brigand (D:10)
  A kobold (D:10)
  32 foxfires
34 creatures vanquished.

Grand Total: 384 creatures vanquished

Notes
Turn   | Place    | Note
-------+----------+-------------------------------------------
     0 | D:1      | acebull12 the Human Cinder Acolyte began the quest for the
                  | Orb.
     0 | D:1      | Reached XP level 1. HP: 18/18 MP: 2/2
   151 | D:1      | Reached XP level 2. HP: 19/24 MP: 3/3
   154 | D:1      | Learned a level 2 spell: Scorch
   427 | D:1      | Reached XP level 3. HP: 26/29 MP: 4/4
   803 | D:1      | Found a faded altar of an unknown god.
  1502 | D:2      | Found Elessant's Jewellery Emporium.
  1647 | D:2      | Found Zeihag's Vocational Training.
  1650 | D:2      | Reached XP level 4. HP: 35/35 MP: 2/5
  2847 | D:3      | Identified the +9 dagger "Qicoam Ogacu" {freeze, rPois rF+
                  | Will++ MP+9}
  3005 | D:3      | Reached XP level 5. HP: 41/41 MP: 8/8
  3246 | D:3      | Found an ancient bone altar of Kikubaaqudgha.
  3760 | D:4      | Reached skill level 4 in Fire Magic
  3780 | D:4      | Found a broken altar of Ashenzari.
  3781 | D:4      | Found a snail-covered altar of Cheibriados.
  3796 | D:4      | Found a hazy altar of Hepliaklqana.
  3797 | D:4      | Found a blossoming altar of Fedhas.
  3797 | D:4      | Found a sacrificial altar of Ru.
  3798 | D:4      | Found a shadowy altar of Dithmenos.
  3798 | D:4      | Found a shimmering blue altar of Sif Muna.
  3805 | D:4      | Reached XP level 6. HP: 48/48 MP: 9/9
  3829 | D:4      | Found a shimmering altar of Xom.
  4148 | D:4      | Noticed an ogre
  4155 | D:4      | Killed an ogre
  4156 | D:4      | Reached skill level 1 in Armour
  4254 | D:4      | Noticed Grinder
  4325 | D:4      | Killed Grinder
  4326 | D:4      | Reached skill level 5 in Fire Magic
  4326 | D:4      | Reached XP level 7. HP: 36/55 MP: 12/12
  4486 | D:4      | Found a basalt altar of Yredelemnul.
  4800 | D:4      | Reached XP level 8. HP: 58/61 MP: 13/13
  5063 | D:4      | Found a staircase to the Ecumenical Temple.
  5069 | Temple   | Entered the Ecumenical Temple
  5299 | D:5      | Entered Level 5 of the Dungeon
  5381 | D:4      | Reached skill level 1 in Short Blades
  5494 | D:5      | Reached skill level 6 in Fire Magic
  5561 | D:5      | Found a sand-covered staircase.
  5566 | Ossuary  | Entered an ossuary
  6120 | D:5      | Reached skill level 5 in Spellcasting
  6219 | D:5      | Reached skill level 5 in Fighting
  6219 | D:5      | Reached skill level 1 in Dodging
  6352 | D:5      | Reached XP level 9. HP: 56/68 MP: 17/17
  6870 | D:6      | Found Saheg's Armour Shop.
  6886 | D:6      | Found Haits's Distillery.
  7432 | D:6      | Reached skill level 7 in Fire Magic
  7545 | D:6      | Found Catraru's General Store.
  7582 | D:6      | Noticed Edmund
  7596 | D:6      | Killed Edmund
  8460 | D:6      | Reached skill level 8 in Fire Magic
  8647 | D:7      | Reached skill level 5 in Armour
  8647 | D:7      | Reached XP level 10. HP: 48/76 MP: 19/19
  8733 | D:7      | Noticed Menkaure
  8744 | D:7      | Killed Menkaure
  9912 | D:7      | Reached skill level 5 in Short Blades
  9943 | D:7      | Reached skill level 1 in Stealth
 10103 | D:8      | Noticed Eustachio
 10749 | D:7      | Reached skill level 1 in Shields
 11250 | D:8      | Killed Eustachio
 11465 | D:8      | Reached XP level 11. HP: 80/84 MP: 20/20
 11648 | D:8      | Learned a level 2 spell: Blink
 12178 | D:8      | Reached skill level 1 in Translocations
 13003 | D:9      | Reached skill level 9 in Fire Magic
 13102 | D:9      | Noticed Erica
 13111 | D:9      | Killed Erica
 13755 | D:10     | Entered Level 10 of the Dungeon
 13978 | D:10     | Noticed a two-headed ogre
 13982 | D:10     | Reached skill level 10 in Fire Magic
 13989 | D:10     | Killed a two-headed ogre
 14272 | D:10     | Noticed a tengu warrior
 14289 | D:10     | Killed a tengu warrior
 14290 | D:10     | Reached XP level 12. HP: 67/94 MP: 13/21
 15206 | D:10     | Found a stormy altar of Qazlal.
 15350 | D:10     | Reached skill level 5 in Translocations
 15524 | D:11     | Found a staircase to the Lair.
 15726 | D:11     | Found a frozen archway.
 15881 | D:11     | HP: 3/95 [ice devil (5)]
 15881 | D:11     | Mangled by an ice devil

Illustrated notes

Levels and vault maps discovered:
D:1:      eino_arrival_water_cross, layout_loops_corners,
          dreamdust_ecumenical_altar_drowned_temple, corexii_leaking_fountain
D:2:      cheibrodos_old_hovel, layout_basic, serial_shops,
          nicolae_shop_waterfront, dreamdust_princess_bridge,
          nicolae_shop_vocational
D:3:      layout_basic, mainiacjoe_overflow_small_starburst,
          minmay_splitting_lines, minmay_fountain_box, hangedman_decor_growths,
          minmay_misc_feat_encased
D:4:      minmay_chambers_of_threes, layout_loops_corners,
          grunt_temple_overflow_open, kennysheep_mini_moat,
          minmay_temple_entry_enclosed_plants, uniq_grinder
D:5:      layout_loops_ring, enter_ossuary_2
D:6:      layout_cave_pods, serial_shops, shop, nicolae_shop_hallway_stairs,
          nicolae_stop_n_shop_2, nicolae_elevator_lobby_asterisk, uniq_edmund
D:7:      layout_basic, grunt_tough_drop, uniq_menkaure
D:8:      layout_basic, sword_in_stone
D:9:      layout_loops_cross, serial_bayou_pond_c, nicolae_nh_ransacked_shop,
          uniq_erica
D:10:     layout_roguey, nicolae_qazlal_style_of_elements,
          minmay_fractal_squares_5
D:11:     cheibrodos_orc_bank, layout_gridville, erik_lair_orcish_takeover,
          erik_orc_1, portal_ice_cave_demonic_guard,
          hellmonk_okawaru_the_only_friend_you_need
Temple:   grunt_temple_mini_profane

Skill      XL: |  1  2  3  4  5  6  7  8  9 10 11 12 |
---------------+-------------------------------------+-----
Spellcasting   | 2 3 5 6 |  6.0
Fire Magic     | 4 5 6 8 10 | 10.0
Fighting       | 4 5 7 8 9 |  9.1
Armour         | 1 2 3 5 6 |  6.0
Short Blades   | 1 3 6 7 |  7.3
Dodging        | 1 2 3 4 |  4.4
Stealth        | 1 2 3 |  3.0
Shields        | 1 3 4 |  4.9
Translocations | 3 5 |  5.3
Long Blades    | |  3.5
Throwing       | |  0.2

Action                   |  1- 3 |  4- 6 |  7- 9 | 10-12 || total
-------------------------+-------+-------+-------+-------++-------
Melee: Falchion          |    56 |    18 |       |       ||    74
       Dagger            |       |    35 |   186 |   462 ||   683
       Punch             |       |     1 |     2 |       ||     3
       Scimitar          |       |       |       |    27 ||    27
Throw: Stone             |     1 |       |     1 |     5 ||     7
 Cast: Scorch            |    24 |    35 |    94 |   301 ||   454
Invok: Fiery Armour      |       |     1 |     1 |       ||     2
       Foxfire Swarm     |       |       |     1 |     1 ||     2
       Rising Flame      |       |       |       |     1 ||     1
  Use: Scroll            |       |       |    12 |     4 ||    16
       Potion            |       |       |     1 |       ||     1
Armor: Robe              |    20 |     4 |       |       ||    24
       Scale mail        |       |     5 |   110 |   129 ||   244
       Steam dragon scal |       |       |       |    72 ||    72
       Acid dragon scale |       |       |       |    11 ||    11
Dodge: Dodged            |    40 |    18 |    94 |   244 ||   396
Block: Kite shield       |       |       |       |   209 ||   209

Table legend: (Time is in decaauts)
 A = Elapsed time spent in this place.
 B = Non-inter-level travel time spent in this place.
 C = Inter-level travel time spent in this place.
 D = Time resting spent in this place.
 E = Time spent auto-exploring this place.
 F = Levels seen in this place.
 G = Mean time per level.
                   A        B        C        D        E       F      G
               +--------+--------+--------+--------+--------+-----+--------+
         Total |  15849 |  14261 |   1588 |   3456 |   7434 |  13 | 1219.2 |
       Dungeon |  15343 |  13778 |   1565 |   3328 |   7251 |  11 | 1394.8 |
        Temple |    214 |    191 |     23 |      0 |    183 |   1 |  214.0 |
       Ossuary |    291 |    291 |      0 |    128 |      0 |   1 |  291.0 |
               +--------+--------+--------+--------+--------+-----+--------+

Top non-repeatable levels by time:
     D:7: 2192 daAuts
     D:6: 1598 daAuts
     D:8: 1575 daAuts
     D:9: 1565 daAuts
     D:5: 1527 daAuts
    D:10: 1508 daAuts
     D:4: 1488 daAuts
     D:1: 1410 daAuts
     D:2: 1274 daAuts
     D:3: 1030 daAuts
 Ossuary: 291 daAuts
  Temple: 214 daAuts
    D:11: 173 daAuts
